 Dungeon Crawl Stone Soup version 0.22.1-6-g1668fe2 (webtiles) character file.

60613 Kairos the Severer (level 15, -9/80 HPs)
             Began as a Vine Stalker Fighter on Jan 25, 2019.
             Was the Champion of Okawaru.
             Killed from afar by a shock serpent (18 damage)
             ... with a bolt of electricity
             ... on level 1 of the Snake Pit on Jan 26, 2019.
             The game lasted 00:45:00 (17274 turns).

Kairos the Severer (Vine Stalker Fighter)          Turns: 17274, Time: 00:45:01

Health: -9/80      AC: 21    Str: 29    XL:     15   Next: 0%
Magic:  0/18       EV: 11    Int: 10    God:    Okawaru [******]
Gold:   1173       SH: 13    Dex: 18    Spells: 14/14 levels left

rFire    . . .     SeeInvis +   C - +2 broad axe (elec)
rCold    . . .     Gourm    .   c - +0 shield
rNeg     . . .     Faith    .   Y - +2 chain mail {MR+}
rPois    +         Spirit   +   t - +2 helmet
rElec    .         Reflect  .   r - +1 cloak
rCorr    .         Harm     .   h - +1 pair of gloves {Dex+3}
MR       +++..                  (no boots)
Stlth    +.........             x - amulet of rage
HPRegen  1.03/turn              E - +3 ring of strength
MPRegen  0.16/turn              O - ring of Tempters {rPois MR+ SInv Stlth+}

@: no status effects
A: fangs 3, clever 1, regeneration 2, strong 1, magic shield, antimagic bite, no
potion heal 3, rot immunity
a: Heroism, Finesse, Renounce Religion, Evoke Berserk Rage


You were on level 1 of the Snake Pit.
You worshipped Okawaru.
Okawaru was exalted by your worship.
You were hungry.

You visited 4 branches of the dungeon, and saw 19 of its levels.
You also visited: Labyrinth and Ice Cave.

You collected 1173 gold pieces.

Inventory:

Hand Weapons
 u - a +2 war axe of flaming
 C - a +2 broad axe of electrocution (weapon)
 Q - the +1 war axe "Kairos's Bane" {chop, +Fly Int+2}
   (You found it on level 10 of the Dungeon)

   It inflicts extra damage upon your enemies.
   It affects your intelligence (+2).
   It lets you fly.
 V - the +5 war axe of Diumihod {flame, Int+2}
   (Okawaru gifted it to you on level 5 of the Lair of Beasts)

   It has been specially enchanted to burn those struck by it, causing extra
   injury to most foes and up to half again as much damage against particularly
   susceptible opponents.
   Big, fiery blades are also staple armaments of hydra-hunters.
   It affects your intelligence (+2).
 Z - a +0 demon trident of draining
Armour
 c - a +0 shield (worn)
 h - a +1 pair of gloves of dexterity (worn)
 r - a +1 cloak (worn)
 t - a +2 helmet (worn)
 B - a +2 chain mail of fire resistance
 Y - a +2 chain mail of magic resistance (worn)
Jewellery
 x - an amulet of rage (around neck)
 E - a +3 ring of strength (left hand)
 M - an uncursed ring of fire
 O - the ring of Tempters (right hand) {rPois MR+ SInv Stlth+}
   (You found it on level 10 of the Dungeon)

   [ring of poison resistance]

   It protects you from poison.
   It affects your resistance to hostile enchantments.
   It lets you see invisible.
   It makes you more stealthy.
 U - an uncursed ring of ice
Wands
 b - a wand of acid (30)
 g - a wand of flame (81)
 w - a wand of enslavement (13)
 A - a wand of polymorph (8)
 D - a wand of scattershot (3)
 J - a wand of iceblast (8)
 K - a wand of digging (11)
 S - a wand of disintegration (14)
Scrolls
 a - a scroll of brand weapon {unknown}
 i - 3 scrolls of fog
 o - 4 scrolls of blinking
 p - 4 scrolls of fear
 q - 7 scrolls of remove curse
 v - 10 scrolls of teleportation
 y - 4 scrolls of amnesia
 F - 4 scrolls of magic mapping
 G - 2 scrolls of immolation
 N - 2 scrolls of enchant armour
 R - 2 scrolls of identify
Potions
 d - 4 potions of might
 e - a potion of agility
 j - 7 potions of haste
 k - 4 potions of mutation
 l - 5 potions of flight
 m - 5 potions of ambrosia
 n - 3 potions of berserk rage
 s - 5 potions of curing
 z - 2 potions of brilliance
 H - 4 potions of lignification
 I - 4 potions of heal wounds {unknown}
 P - a potion of resistance {unknown}
 W - a potion of degeneration {unknown}
Miscellaneous
 L - a box of beasts
Comestibles
 f - 30 rations


   Skills:
 + Level 10.0 Fighting
 + Level 15.3(15.4) Axes
 + Level 3.1(10.7) Polearms
 + Level 8.6 Armour
 + Level 5.1 Dodging
 + Level 6.1 Stealth
 + Level 9.5 Shields
 + Level 0.2 Unarmed Combat
 + Level 3.3 Invocations
 + Level 0.2 Evocations


You had 14 spell levels left.
You didn't know any spells.
Your spell library contained the following spells:

 Spells                   Type           Power        Failure   Level  Hunger
 Corona                   Hex            #......      97%         1    ##.....
 Sandblast                Erth           #.....       97%         1    ##.....
 Ensorcelled Hibernation  Hex/Ice        #.....       99%         2    ###....
 Passwall                 Tmut/Erth      #.......     99%         2    ###....
 Poisonous Vapours        Pois/Air       #.....       99%         2    ###....
 Song of Slaying          Chrm           #.......     99%         2    ###....
 Swiftness                Chrm/Air       #.......     99%         2    ###....
 Confuse                  Hex            #.......     100%        3    ####...
 Conjure Flame            Conj/Fire      #.......     100%        3    ####...
 Dazzling Spray           Conj/Hex       #.....       100%        3    ####...
 Mephitic Cloud           Conj/Pois/Air  #.......     100%        3    ####...
 Recall                   Summ/Tloc      N/A          100%        3    ####...
 Regeneration             Chrm/Necr      #.........   100%        3    ####...
 Spectral Weapon          Hex/Chrm       #.......     100%        3    ####...
 Stone Arrow              Conj/Erth      #.....       100%        3    ####...
 Tukima's Dance           Hex            #.......     100%        3    ####...
 Animate Dead             Necr           N/A          100%        4    #####..
 Ice Form                 Ice/Tmut       #.......     100%        4    #####..
 Leda's Liquefaction      Hex/Erth       #.........   100%        4    #####..
 Petrify                  Tmut/Erth      #.......     100%        4    #####..
 Summon Lightning Spire   Summ/Air       #.......     100%        4    #####..
 Bolt of Magma            Conj/Fire/Erth #.........   100%        5    ######.
 Borgnjor's Vile Clutch   Necr/Erth      #.........   100%        5    ######.
 Excruciating Wounds      Chrm/Necr      #.........   100%        5    ######.
 Lee's Rapid Deconstruct  Erth           #.........   100%        5    ######.
 Metabolic Englaciation   Hex/Ice        #.........   100%        5    ######.
 Silence                  Hex/Air        #.........   100%        5    ######.
 Bolt of Cold             Conj/Ice       #.........   100%        6    #######
 Conjure Ball Lightning   Conj/Air       #.........   100%        6    #######
 Death Channel            Necr           #.........   100%        6    #######
 Deflect Missiles         Chrm/Air       #.........   100%        6    #######
 Freezing Cloud           Conj/Ice/Air   #.........   100%        6    #######
 Iron Shot                Conj/Erth      #.........   100%        6    #######
 Ozocubu's Refrigeration  Ice            #.........   100%        6    #######
 Simulacrum               Ice/Necr       #.........   100%        6    #######
 Statue Form              Tmut/Erth      #........    100%        6    #######
 Ring of Flames           Chrm/Fire      #.........   100%        7    #######
 Shatter                  Erth           #.........   100%        9    #######
 Tornado                  Air            #.........   100%        9    #######


Dungeon Overview and Level Annotations

Branches:
Dungeon (11/15)            Temple (1/1) D:5            Lair (6/6) D:11
  Swamp (0/4) Lair:4        Snake (1/4) Lair:2        Slime (0/5) Lair:5
    Orc (0/2) D:9

Altars:
Ashenzari
Cheibriados
Dithmenos
Fedhas
Hepliaklqana
Makhleb
Nemelex Xobeh
Okawaru
Ru
Sif Muna
Trog
Uskayaw
Vehumet
Xom
The Shining One

Shops:
D:5 ?   D:7 (   D:9 [   Snake:1 [

Portals:
Hell: Lair:6


Innate Abilities, Weirdness & Mutations

You have razor-sharp teeth.
You heal very quickly.
When hurt, damage is shared between your health and your magic reserves.
Your bite disrupts and absorbs the magic of your enemies.
Potions cannot restore your health.
You are immune to rotting.
Your mind is acute. (Int +2)
Your muscles are strong. (Str +2)


Message History

The salamander hits you but does no damage.
The shock serpent shoots out a bolt of lightning at you!
The bolt of electricity hits you!
* * * LOW HITPOINT WARNING * * *
You open the shock serpent like a pillowcase!!!
You bite the shock serpent. You drain its power.
You feel invigorated.
The shock serpent is severely wounded.
You slash the salamander!
The shock serpent's electric aura discharges violently, shocking you!
* * * LOW HITPOINT WARNING * * *
The shock serpent bites you but does no damage.
The salamander misses you. You block the salamander's attack.
Your shield and chain mail prevent you from hitting the shock serpent.
You bite the shock serpent. You drain its power.
You feel invigorated.
The shock serpent is almost dead.
You slash the salamander!
Lightning courses through the salamander!
The shock serpent shoots out a bolt of lightning at you!
The bolt of electricity hits you!
You die...

##. .........##.(.()#.###
...###......#....###...# ##
...........#....(###....# ..
.................# #....# #.
#....#...###..###....... #.
#........# #........#### #.
#...#N...###...###### #####
###.##..N#..#.NS.....# #...##
..>.....N##..###@#...### #...##
.##..#...###....N......# ##...##
####...###########.....####...#..
..#(.(....###### #..............)
)N(N..#...##...# #..^#..##....##.
..#...#...##...# #.........#####.
#######...##...###....#...## #.
#...##.......[#.###.### #.
##...#>....#####.# #)..####.


You could see 2 salamanders, a shock serpent and a naga.

Vanquished Creatures
  Gastronok (Lair:1)
  Nessos (Lair:4)
  A minotaur (Lab)
  6 hydras
  2 anacondas (Snake:1)
  A death yak (Lair:6)
  2 naga sharpshooters (Snake:1)
  A shock serpent (Snake:1)
  A sixfirhy (Lair:6)
  2 sea snakes (Snake:1)
  An unseen horror (D:11)
  A wizard (Lair:6)
  A necromancer (IceCv)
  3 mana vipers (Snake:1)
  An ugly thing (D:11)
  A salamander (Snake:1)
  A cyclops (D:11)
  A torpor snail (Lair:6)
  8 black mambas
  13 elephants
  3 naga magi (Snake:1)
  3 ice statues (IceCv)
  A gargoyle (D:8)
  12 spiny frogs
  An orange demon (Lair:6)
  3 rime drakes (Lair:6)
  12 komodo dragons
  16 ice devils
  A troll (D:10)
  A polar bear (Lair:4)
  A hellwing (Lair:6)
  A queen bee (D:9)
  Grinder (D:4)
  7 blink frogs
  Prince Ribbit (D:9)
  9 hippogriffs
  Sigmund (D:2)
  28 yaks
  A steam dragon (D:10)
  5 basilisks
  Grum (D:9)
  5 nagas
  9 porcupines
  15 water moccasins
  4 hell hounds (Lair:6)
  5 orc warriors
  4 ice beasts
  A sky beast (D:10)
  An eye of draining (D:5)
  A black bear (Lair:2)
  3 phantoms
  4 ogres
  18 wolves
  4 centaurs
  16 crocodiles
  3 big kobolds
  Blork the orc (D:5)
  15 bullfrogs
  4 scorpions
  36 killer bees
  10 wights
  4 howler monkeys
  An electric eel (Snake:1)
  A bullfrog zombie (D:11)
  3 crimson imps
  3 draconian simulacra (IceCv)
  2 quasits
  2 centaur zombies
  16 jellies
  6 hounds
  5 orc priests
  9 orc wizards
  2 iguanas
  Ijyb (D:5)
  5 hell rats (Lair:3)
  7 worker ants
  3 troll simulacra (IceCv)
  2 hound zombies
  3 hound skeletons
  A mummy (D:9)
  Robin (D:4)
  10 gnolls
  9 adders
  3 naga simulacra (IceCv)
  An ogre simulacrum (IceCv)
  A shadow imp (D:8)
  An adder zombie (D:8)
  2 oozes
  3 adder skeletons
  4 worms
  5 dart slugs
  4 leopard geckos
  38 orcs
  2 ball pythons
  7 bats
  9 giant cockroaches
  20 goblins
  10 hobgoblins
  12 jackals
  6 quokkas
  7 frilled lizards
  22 kobolds
  A leopard gecko skeleton (D:5)
  A quokka skeleton (D:8)
  14 rats
  6 fungi
  5 plants
597 creatures vanquished.

Vanquished Creatures (others)
  A fungus (Lair:1)
  5 plants
6 creatures vanquished.

Grand Total: 603 creatures vanquished

Notes
Turn   | Place    | Note
-------+----------+-------------------------------------------
     0 | D:1      | Kairos the Vine Stalker Fighter began the quest for the
                  | Orb.
     0 | D:1      | Reached XP level 1. HP: 11/11 MP: 2/2
    92 | D:1      | Reached XP level 2. HP: 16/16 MP: 3/3
   246 | D:1      | Reached skill level 2 in Axes
   246 | D:1      | Reached XP level 3. HP: 10/20 MP: 2/4
   964 | D:2      | Gained mutation: Your natural rate of healing is unusually
                  | fast. [Vine Stalker growth]
   964 | D:2      | Reached XP level 4. HP: 20/24 MP: 5/5
  1032 | D:2      | Noticed Sigmund
  1041 | D:2      | Killed Sigmund
  1041 | D:2      | Reached skill level 3 in Axes
  1041 | D:2      | Reached XP level 5. HP: 20/28 MP: 6/6
  1041 | D:2      | Reached XP level 6. HP: 23/32 MP: 7/7
  1320 | D:2      | Reached skill level 4 in Axes
  1892 | D:3      | Found a burning altar of Makhleb.
  2080 | D:4      | Noticed Robin
  2089 | D:4      | Killed Robin
  2114 | D:4      | Noticed Grinder
  2149 | D:4      | Killed Grinder
  2149 | D:4      | Reached skill level 5 in Axes
  2149 | D:4      | Reached XP level 7. HP: 27/37 MP: 5/8
  2290 | D:4      | Reached skill level 1 in Dodging
  2319 | D:4      | Reached skill level 1 in Stealth
  2457 | D:4      | Reached skill level 6 in Axes
  2457 | D:4      | Gained mutation: You have razor-sharp teeth. [Vine Stalker
                  | growth]
  2457 | D:4      | Reached XP level 8. HP: 24/42 MP: 9/9
  2561 | D:5      | Entered Level 5 of the Dungeon
  2676 | D:5      | Found a staircase to the Ecumenical Temple.
  2679 | D:5      | Noticed Blork the orc
  2683 | D:5      | Killed Blork the orc
  2693 | Temple   | Entered the Ecumenical Temple
  2751 | Temple   | Became a worshipper of Warmaster Okawaru
  2812 | D:5      | Noticed Ijyb
  2836 | D:5      | Killed Ijyb
  3185 | D:5      | Found a bloodstained altar of Trog.
  3219 | D:5      | Found Xizuesk's Magic Scroll Shop.
  3482 | D:5      | Reached skill level 7 in Axes
  3570 | D:5      | Reached * piety under Okawaru
  4062 | D:6      | Reached XP level 9. HP: 40/46 MP: 10/10
  4316 | D:6      | HP: 1/46 [something (6)]
  4902 | D:7      | Found Yserhar's Antique Weapon Boutique.
  5195 | D:7      | Found a radiant altar of Vehumet.
  5197 | D:7      | Found a shimmering altar of Xom.
  5197 | D:7      | Found a bloodstained altar of Trog.
  5199 | D:7      | Found a deep blue altar of Sif Muna.
  5200 | D:7      | Found a blossoming altar of Fedhas.
  5201 | D:7      | Found a sacrificial altar of Ru.
  5202 | D:7      | Found a glowing golden altar of the Shining One.
  5537 | D:8      | Found a shattered altar of Ashenzari.
  5537 | D:8      | Noticed a gargoyle
  5546 | D:8      | Killed a gargoyle
  5584 | D:8      | Reached ** piety under Okawaru
  5661 | D:8      | Reached skill level 5 in Armour
  5711 | D:8      | Reached skill level 8 in Axes
  5879 | D:8      | Reached skill level 5 in Fighting
  6004 | D:8      | Found a sparkling altar of Nemelex Xobeh.
  6129 | D:9      | Found a staircase to the Orcish Mines.
  6131 | D:9      | Found Septyff's Armour Emporium.
  6186 | D:9      | Noticed a queen bee
  6195 | D:9      | Killed a queen bee
  6195 | D:9      | Reached *** piety under Okawaru
  6204 | D:9      | Reached XP level 10. HP: 26/51 MP: 11/11
  6206 | D:9      | Reached skill level 5 in Shields
  6437 | D:9      | Reached skill level 9 in Axes
  6700 | D:9      | Noticed Prince Ribbit
  6709 | D:9      | Killed Prince Ribbit
  6835 | D:9      | Reached **** piety under Okawaru
  6893 | D:9      | Noticed Grum
  6903 | D:9      | Killed Grum
  6903 | D:9      | Reached skill level 5 in Stealth
  7145 | D:9      | Reached skill level 10 in Axes
  7157 | D:9      | Found a snail-covered altar of Cheibriados.
  7469 | D:10     | Entered Level 10 of the Dungeon
  7519 | D:10     | Got a clouded tin ring
  7521 | D:10     | Identified the ring of Tempters {rPois MR+ SInv Stlth+}
                  | (You found it on level 10 of the Dungeon)
  7838 | D:10     | Reached ***** piety under Okawaru
  7838 | D:10     | Reached XP level 11. HP: 38/56 MP: 8/12
  8028 | D:10     | Got a translucent war axe
  8029 | D:10     | Identified the +1 war axe "Kairos's Bane" {chop, +Fly
                  | Int+2} (You found it on level 10 of the Dungeon)
  8602 | D:11     | Noticed a cyclops
  8611 | D:11     | Killed a cyclops
  8611 | D:11     | Received a gift from Okawaru
  8611 | D:11     | Reached skill level 1 in Invocations
  9052 | D:11     | Noticed an unseen horror
  9130 | D:11     | Killed an unseen horror
  9139 | D:11     | Reached skill level 11 in Axes
  9318 | D:11     | Received a gift from Okawaru
  9319 | D:11     | Found the +3 sling "Punk" {acid, rCorr}
  9345 | D:11     | Found a staircase to the Lair.
  9663 | D:11     | Noticed a purple ugly thing
  9674 | D:11     | Killed a purple ugly thing
  9832 | Lair:1   | Entered Level 1 of the Lair of Beasts
  9832 | Lair:1   | Found a labyrinth entrance.
  9832 | Lair:1   | Noticed Gastronok
  9851 | Lair:1   | Killed Gastronok
  9851 | Lair:1   | Gained mutation: You heal very quickly. [Vine Stalker
                  | growth]
  9851 | Lair:1   | Reached XP level 12. HP: 63/63 MP: 14/14
 10008 | Lab      | Entered a labyrinth
 10232 | Lab      | Noticed a minotaur
 10247 | Lab      | HP: 3/63 [minotaur/eveningstar (22)]
 10249 | Lab      | Killed a minotaur
 10249 | Lab      | Received a gift from Okawaru
 10249 | Lab      | Reached skill level 12 in Axes
 10262 | Lab      | Identified Oxopes's Volume of Protection
 10327 | Lair:1   | Found a frozen archway.
 10375 | IceCv    | Entered an ice cave
 11655 | Lair:1   | Noticed an eight-headed hydra
 11667 | Lair:1   | Killed an eight-headed hydra
 11956 | Lair:2   | Noticed an eight-headed hydra
 11964 | Lair:2   | Killed an eight-headed hydra
 11964 | Lair:2   | Reached skill level 13 in Axes
 11964 | Lair:2   | Reached XP level 13. HP: 46/69 MP: 9/15
 11983 | Lair:2   | Reached skill level 1 in Polearms
 12049 | Lair:2   | Found a staircase to the Snake Pit.
 13464 | Lair:3   | Received a gift from Okawaru
 13604 | Lair:4   | Found a staircase to the Swamp.
 13798 | Lair:4   | Noticed Nessos
 13833 | Lair:4   | Killed Nessos
 14409 | Lair:5   | Found a staircase to the Slime Pits.
 14615 | Lair:5   | Received a gift from Okawaru
 14620 | Lair:5   | Got a jewelled war axe {god gift}
 14621 | Lair:5   | Identified the +5 war axe of Diumihod {flame, Int+2}
                  | (Okawaru gifted it to you on level 5 of the Lair of Beasts)
 14929 | Lair:5   | Reached skill level 14 in Axes
 14930 | Lair:5   | Reached XP level 14. HP: 67/75 MP: 15/17
 15013 | Lair:6   | Entered Level 6 of the Lair of Beasts
 15148 | Lair:6   | Found a sacrificial altar of Ru.
 15350 | Lair:6   | Reached ****** piety under Okawaru
 15811 | Lair:6   | Received a gift from Okawaru
 16029 | Lair:6   | Found a burning altar of Makhleb.
 16111 | Lair:6   | Reached skill level 15 in Axes
 16272 | Lair:6   | Found a gateway to Hell.
 16584 | Lair:2   | Gained mutation: Your mind is acute. (Int +2) [potion of
                  | mutation]
 16584 | Lair:2   | Gained mutation: Your muscles are strong. (Str +2) [potion
                  | of mutation]
 16606 | Snake:1  | Entered Level 1 of the Snake Pit
 16606 | Snake:1  | Found Gomp's Antique Armour Shoppe.
 16762 | Snake:1  | Reached skill level 10 in Fighting
 16775 | Snake:1  | Received a gift from Okawaru
 16775 | Snake:1  | Reached skill level 5 in Dodging
 17249 | Snake:1  | Reached XP level 15. HP: 46/80 MP: 13/18
 17274 | Snake:1  | Killed from afar by a shock serpent

Skill      XL: |  1  2  3  4  5  6  7  8  9 10 11 12 13 14 |
---------------+-------------------------------------------+-----
Fighting       | 3 4 5 6 7 8 9 10 | 10.0
Axes           | 2 3 5 6 7 8 10 11 13 14 15 | 15.3
Shields        | 3 4 6 7 8 9 |  9.5
Armour         | 3 4 5 6 7 8 |  8.6
Dodging        | 1 2 3 4 5 |  5.1
Stealth        | 1 3 4 5 6 |  6.1
Invocations    | 2 3 |  3.3
Polearms       | 3 |  3.1
Unarmed Combat | |  0.2
Evocations     | |  0.2

Action                   |  1- 3 |  4- 6 |  7- 9 | 10-12 | 13-15 || total
-------------------------+-------+-------+-------+-------+-------++-------
Melee: War axe           |    88 |   151 |   161 |   639 |   154 ||  1193
       Bite              |    20 |    37 |    86 |   236 |   225 ||   604
       Hand axe          |       |       |    93 |       |       ||    93
       Unarmed           |       |       |     4 |       |       ||     4
       Demon trident     |       |       |       |    11 |    42 ||    53
       Broad axe         |       |       |       |       |   364 ||   364
Invok: Heroism           |       |       |     2 |    29 |    16 ||    47
       Finesse           |       |       |       |     1 |       ||     1
 Abil: Evoke Berserk Rag |       |       |       |     1 |       ||     1
Evoke: Wand              |       |       |       |       |     2 ||     2
  Use: Scroll            |     5 |     4 |     3 |     9 |     9 ||    30
       Potion            |       |       |       |       |     2 ||     2
 Stab: Sleeping          |       |     2 |     7 |     8 |       ||    17
       Distracted        |       |       |     2 |     2 |       ||     4
  Eat: Chunk             |       |     4 |     6 |     7 |    13 ||    30
       Ration            |       |       |     2 |     4 |     1 ||     7
Armor: Scale mail        |    21 |    81 |    36 |       |       ||   138
       Ring mail         |       |       |    73 |   115 |       ||   188
       Plate armour      |       |       |       |    36 |       ||    36
       Chain mail        |       |       |       |    55 |   208 ||   263
Dodge: Dodged            |    27 |    40 |    79 |   257 |   193 ||   596
Block: Shield            |    46 |    68 |   116 |   341 |   348 ||   919
